 Dungeon Crawl Stone Soup version 0.24.0-13-gcf9b319 (webtiles) character file.

Game seed: 419818439578055753, levelgen mode: deterministic

8924 silenth the Cleaver (level 11, -10/78 HPs)
             Began as an Octopode Fighter on Jan 28, 2020.
             Was a Follower of Uskayaw.
             Mangled by a five-headed hydra (16 damage)
             ... on level 1 of the Lair of Beasts.
             The game lasted 00:15:55 (10148 turns).

silenth the Cleaver (Octopode Fighter)             Turns: 10148, Time: 00:15:56

Health: -10/78     AC:  4    Str: 16    XL:     11   Next: 38%
Magic:  16/16      EV: 15    Int: 12    God:    Uskayaw [*.....]
Gold:   671        SH: 11    Dex: 17    Spells: 10/10 levels left

rFire    + . .     SeeInvis +   a - +9 broad axe of Undoing {venom, +Fly MR+}
rCold    . . .     Gourm    .   b - +1 shield
rNeg     + . .     Faith    .   (helmet restricted)
rPois    +         Spirit   .   K - amulet of regeneration
rElec    .         Reflect  .   k - ring of see invisible
rCorr    +         Harm     .   l - ring of positive energy
MR       +....                  t - ring of protection from fire
Stlth    ++++......             q - +3 ring of protection
HPRegen  0.63/turn              g - +4 ring of dexterity
MPRegen  0.15/turn              Q - ring of resist corrosion
                                s - ring of wizardry
                                w - ring of poison resistance

@: about to teleport, marked
A: almost no armour, stealthy swim, amphibious, 8 rings, constrict 8, camouflage
1, gelatinous body 1
a: Stomp, Renounce Religion, Evoke Flight


You were on level 1 of the Lair of Beasts.
You worshipped Uskayaw.
Uskayaw was noncommittal.
You were hungry.

You visited 2 branches of the dungeon, and saw 12 of its levels.

You collected 671 gold pieces.

Inventory:

Hand Weapons
 a - the +9 broad axe of Undoing (weapon) {venom, +Fly MR+}
   (You acquired it on level 1 of the Lair of Beasts)

   It poisons the flesh of those it strikes.
   It affects your resistance to hostile enchantments.
   It lets you fly.
Armour
 b - a +1 shield (worn)
Jewellery
 g - a +4 ring of dexterity (on tentacle)
 k - a ring of see invisible (left tentacle)
 l - a ring of positive energy (right tentacle)
 n - an uncursed ring of wizardry
 q - a +3 ring of protection (on tentacle)
 s - a ring of wizardry (on tentacle)
 t - a ring of protection from fire (on tentacle)
 w - a ring of poison resistance (on tentacle)
 E - an uncursed ring of flight
 J - an uncursed ring of positive energy
 K - an amulet of regeneration (around mantle)
 Q - a ring of resist corrosion (on tentacle)
Wands
 c - a wand of flame (15)
 o - a wand of paralysis (2)
 x - a wand of polymorph (14)
 O - a wand of disintegration (4)
 R - a wand of iceblast (9)
Scrolls
 i - a scroll of identify
 r - 11 scrolls of remove curse
 y - 3 scrolls of magic mapping
 z - 2 scrolls of teleportation
 N - a scroll of fog
 T - a scroll of blinking
Potions
 d - 3 potions of haste
 f - 3 potions of mutation
 j - 2 potions of flight
 A - 5 potions of brilliance
 B - a potion of curing
 D - a potion of invisibility
 G - a potion of ambrosia
 H - a potion of agility
Miscellaneous
 I - a phial of floods (inert)
 S - a box of beasts
Comestibles
 e - 21 rations


   Skills:
 + Level 8.3 Fighting
 * Level 11.1 Axes
 + Level 5.5 Dodging
 + Level 6.4 Stealth
 + Level 5.5 Shields
 + Level 7.8 Invocations
 + Level 2.6 Evocations


You had 10 spell levels left.
You didn't know any spells.
Your spell library contained the following spells:

 Spells                   Type           Power        Failure   Level  Hunger
 Static Discharge         Conj/Air       #.......     77%         3    ####...
 Cause Fear               Hex            #.........   98%         4    #####..
 Irradiate                Conj/Tmut      #.........   100%        5    ######.
 Lightning Bolt           Conj/Air       #.........   100%        5    ######.
 Silence                  Hex/Air        #.........   100%        5    ######.
 Yara's Violent Unravell  Hex/Tmut       #.........   100%        5    ######.
 Deflect Missiles         Chrm/Air       #.........   100%        6    #######
 Hydra Form               Tmut           #.........   100%        6    #######
 Statue Form              Tmut/Erth      #........    100%        6    #######
 Dragon Form              Tmut           #.........   100%        7    #######
 Discord                  Hex            #.........   100%        8    #######
 Ignition                 Fire           #.........   100%        8    #######
 Shatter                  Erth           #.........   100%        9    #######
 Tornado                  Air            #.........   100%        9    #######


Dungeon Overview and Level Annotations

Branches:
Dungeon (11/15)            Temple (0/1) D:7            Lair (1/6) D:9
    Orc (0/2) D:10

Altars:
Hepliaklqana
Kikubaaqudgha
Makhleb
Okawaru
Qazlal
Sif Muna
Uskayaw
Wu Jian
Yredelemnul

Shops:
D:9 [


Innate Abilities, Weirdness & Mutations

You cannot wear most types of armour.
You are very stealthy in the water. (Stealth+)
You are amphibious.
You can wear up to eight rings at the same time.
You can use your tentacles to constrict eight enemies at once.
Your skin changes colour to match your surroundings (Stealth+).
Your rubbery body absorbs attacks. (AC +1, EV +1)


Message History

The five-headed hydra barely misses you.
The five-headed hydra completely misses you.
The yak gores you!
Your juvenile shockweird beast bursts into living lightning!
The living lightning hits the hippogriff!! x2
The hippogriff dies!
Your juvenile shockweird beast blinks!
As you read the scroll of teleportation, it crumbles to dust.
You feel strangely unstable.
The water moccasin completely misses you.
The water moccasin bites you!
* * * LOW HITPOINT WARNING * * *
You block the hippogriff's attack. The hippogriff pecks you.
* * * LOW HITPOINT WARNING * * *
The hippogriff claws you.
* * * LOW HITPOINT WARNING * * *
You block the yak's attack. The five-headed hydra bites you.
* * * LOW HITPOINT WARNING * * *
The five-headed hydra bites you!
You die...

.### ####...## >
#.##....# .
###.......## Y
#P.........# .
##....H.....## Y
#P..........P# ##Y
##....DS.....# ####..
#....H@YF.# #.#YY#
##...S.YY.# ###.YY##
#P....$....# #P..S##
##........###..#...F.##
#.........# #P.........
##.......## #..........
##....### ...H.....(.
##..## ........... #.##
...........


You could see a five-headed hydra, a hippogriff, 3 yaks, 2 water moccasins, a
bullfrog and a friendly juvenile shockweird beast.

Vanquished Creatures
  An ugly thing (D:11)
  Maurice (D:8)
  A kobold demonologist (D:11)
  A rime drake (Lair:1)
  2 hornets
  A troll (D:9)
  6 hippogriffs
  A spriggan (D:7)
  A wraith (D:11)
  3 yaks (D:11)
  Grum (D:9)
  A hungry ghost (D:11)
  Menkaure (D:2)
  2 water moccasins
  5 orc warriors
  2 ice beasts
  2 sky beasts
  3 phantoms
  2 necrophages (D:8)
  A centaur (D:11)
  4 ogres
  4 wolves
  A boggart (D:10)
  An eye of draining (D:9)
  A big kobold (D:9)
  3 bullfrogs
  3 scorpions
  3 killer bees (D:9)
  A howler monkey (D:7)
  3 crimson imps
  A bullfrog zombie (D:5)
  A bullfrog skeleton (D:8)
  2 orc priests
  6 hounds
  11 orc wizards
  3 centaur skeletons
  2 gnoll shamans
  A jelly (D:9)
  4 iguanas
  Crazy Yiuf (D:5)
  Jessica (D:2)
  10 worker ants
  A killer bee zombie (D:5)
  A hound skeleton (D:8)
  A worker ant zombie (D:9)
  A howler monkey zombie (D:9)
  7 adders
  10 gnolls
  2 howler monkey skeletons
  A shadow imp (D:6)
  2 oozes
  2 adder skeletons
  3 worms
  3 dart slugs
  5 leopard geckos
  36 orcs
  5 giant cockroaches
  12 hobgoblins
  3 jackals
  4 quokkas
  A ball python skeleton (D:5)
  7 bats
  6 frilled lizards
  15 goblins
  A jackal skeleton (D:5)
  A jackal zombie (D:8)
  13 kobolds
  2 leopard gecko skeletons
  14 rats
  2 fungi (D:9)
  A plant (D:9)
267 creatures vanquished.

Vanquished Creatures (collateral kills)
  A spiny frog (Lair:1)
  A hippogriff (Lair:1)
  An orc priest (D:10)
3 creatures vanquished.

Grand Total: 270 creatures vanquished

Notes
Turn   | Place    | Note
-------+----------+-------------------------------------------
     0 | D:1      | silenth the Octopode Fighter began the quest for the Orb.
     0 | D:1      | Reached XP level 1. HP: 16/16 MP: 1/1
   134 | D:1      | Reached XP level 2. HP: 21/21 MP: 2/2
   826 | D:2      | Reached skill level 3 in Axes
   826 | D:2      | Reached XP level 3. HP: 26/26 MP: 3/3
   904 | D:2      | Found a shimmering blue altar of Sif Muna.
  1084 | D:2      | Found a transporter.
  1085 | D:2      | Found a transporter.
  1100 | D:2      | Found an ancient bone altar of Kikubaaqudgha.
  1104 | D:2      | Noticed Menkaure
  1108 | D:2      | Noticed Jessica
  1110 | D:2      | Found a basalt altar of Yredelemnul.
  1136 | D:2      | Noticed a phantom
  1367 | D:2      | Reached XP level 4. HP: 32/32 MP: 4/4
  1861 | D:3      | Found a hazy altar of Hepliaklqana.
  2055 | D:3      | Reached skill level 4 in Axes
  2183 | D:3      | Reached skill level 4 in Fighting
  2194 | D:3      | Reached XP level 5. HP: 29/37 MP: 5/5
  2446 | D:3      | Found an iron altar of Okawaru.
  2446 | D:3      | Found a hide-covered altar of Uskayaw.
  2483 | D:3      | Became a worshipper of Uskayaw the Reveler
  2636 | D:4      | Reached * piety under Uskayaw
  2675 | D:4      | Noticed an ogre
  2861 | D:4      | Reached ** piety under Uskayaw
  2863 | D:4      | HP: 1/37 [ogre/+0 giant spiked club (17)]
  2895 | D:4      | Killed an ogre
  2895 | D:4      | Reached skill level 1 in Stealth
  2895 | D:4      | Reached skill level 1 in Invocations
  2895 | D:4      | Reached skill level 1 in Evocations
  2895 | D:4      | Reached XP level 6. HP: 9/43 MP: 6/6
  3261 | D:4      | Found an ornate altar of the Wu Jian Council.
  3322 | D:4      | Reached skill level 5 in Axes
  3322 | D:4      | Reached skill level 2 in Stealth
  3325 | D:4      | Reached *** piety under Uskayaw
  3471 | D:2      | Killed Menkaure
  3471 | D:2      | Reached skill level 2 in Invocations
  3471 | D:2      | Reached XP level 7. HP: 49/49 MP: 8/8
  3472 | D:2      | Killed Jessica
  3472 | D:2      | Reached **** piety under Uskayaw
  3485 | D:2      | Reached skill level 3 in Stealth
  3485 | D:2      | Reached skill level 2 in Evocations
  3632 | D:2      | Got a dazzling war axe
  3633 | D:2      | Identified the +3 war axe of the Crypt {venom, Str+2
                  | Stlth+} (You found it on level 2 of the Dungeon)
  3725 | D:5      | Entered Level 5 of the Dungeon
  3913 | D:5      | Reached skill level 6 in Axes
  4131 | D:5      | Reached skill level 5 in Fighting
  4198 | D:5      | Reached skill level 4 in Stealth
  4207 | D:5      | Reached skill level 3 in Invocations
  4207 | D:5      | Reached XP level 8. HP: 55/55 MP: 10/10
  4662 | D:5      | Found a runed translucent door.
  4663 | D:5      | Noticed Crazy Yiuf
  4693 | D:5      | Killed Crazy Yiuf
  5529 | D:7      | Reached skill level 5 in Stealth
  5542 | D:7      | Reached skill level 7 in Axes
  5602 | D:7      | Noticed a hippogriff
  5627 | D:7      | Killed a hippogriff
  5627 | D:7      | Reached skill level 4 in Invocations
  5934 | D:7      | Reached XP level 9. HP: 49/62 MP: 12/12
  5996 | D:7      | Reached skill level 6 in Fighting
  5996 | D:7      | Reached skill level 6 in Stealth
  6120 | D:7      | Found a staircase to the Ecumenical Temple.
  6271 | D:7      | Reached skill level 8 in Axes
  6501 | D:8      | Reached skill level 5 in Invocations
  6606 | D:8      | Noticed Maurice
  6627 | D:8      | Killed Maurice
  6824 | D:8      | Reached skill level 9 in Axes
  6840 | D:8      | Found a stormy altar of Qazlal.
  7001 | D:8      | Found a burning altar of Makhleb.
  7156 | D:9      | Found Xaeten's Antique Armour Boutique.
  7158 | D:9      | Noticed a hornet
  7164 | D:9      | Killed a hornet
  7164 | D:9      | Reached skill level 7 in Fighting
  7164 | D:9      | Reached skill level 6 in Invocations
  7168 | D:9      | Noticed Grum
  7169 | D:9      | Reached ***** piety under Uskayaw
  7419 | D:8      | Reached XP level 10. HP: 48/71 MP: 14/14
  7764 | D:9      | Killed Grum
  7925 | D:9      | Found a staircase to the Lair.
  7990 | D:9      | Reached skill level 4 in Dodging
  7990 | D:9      | Reached skill level 4 in Shields
  8281 | D:9      | Reached skill level 10 in Axes
  8568 | D:10     | Entered Level 10 of the Dungeon
  8980 | D:10     | Reached skill level 7 in Invocations
  9242 | D:10     | Found a staircase to the Orcish Mines.
  9374 | D:11     | Reached skill level 8 in Fighting
  9374 | D:11     | Reached skill level 5 in Dodging
  9374 | D:11     | Reached skill level 5 in Shields
  9374 | D:11     | Reached XP level 11. HP: 44/77 MP: 16/16
  9647 | D:11     | Noticed a green ugly thing
  9656 | D:11     | Killed a green ugly thing
  9656 | D:11     | Reached skill level 11 in Axes
  9940 | Lair:1   | Entered Level 1 of the Lair of Beasts
  9941 | Lair:1   | Identified a scroll of acquirement
  9942 | Lair:1   | Got a slimy broad axe
  9943 | Lair:1   | Identified the +9 broad axe of Undoing {venom, +Fly MR+}
                  | (You acquired it on level 1 of the Lair of Beasts)
 10133 | Lair:1   | Noticed a five-headed hydra
 10145 | Lair:1   | HP: 6/78 [water moccasin (7)]
 10148 | Lair:1   | Mangled by a five-headed hydra

Levels and vault maps discovered:
D:1:      dpeg_arrival_lava_altar, layout_basic
D:2:      layout_rooms, lemuel_blue_sif_altar, gammafunk_temple_of_torment,
          first_ration, minmay_goblin_kobold_house, uniq_jessica
D:3:      layout_rooms, nicolae_overflow_crystal_walls,
          gammafunk_temple_overflow_wave
D:4:      layout_rooms, kennysheep_mini_moat
D:5:      layout_loops_ring, uniq_crazy_yiuf_cottage
D:6:      layout_loops_ring, hangedman_minor_gate_pass
D:7:      layout_loops_ring, minmay_temple_entry_hall, the_bakery
D:8:      layout_rooms, grunt_qazlal_sundering, makhleb_blood_cavern_becter,
          uniq_maurice
D:9:      layout_big_octagon, dpeg_oklobed_lair, serial_shops, shop,
          minmay_variable_closet, uniq_grum
D:10:     layout_roguey, david_orc_4
D:11:     layout_roguey
Lair:1:   layout_cave_pods, serial_bayou_shore_b

Skill      XL: |  1  2  3  4  5  6  7  8  9 10 11 |
---------------+----------------------------------+-----
Axes           | 3 4 5 6 7 9 10 11 | 11.1
Fighting       | 4 5 7 8 |  8.3
Stealth        | 1 2 4 5 6 |  6.4
Invocations    | 1 2 3 4 6 7 |  7.8
Evocations     | 1 2 |  2.6
Dodging        | 5 |  5.5
Shields        | 5 |  5.5

Action                   |  1- 3 |  4- 6 |  7- 9 | 10-12 || total
-------------------------+-------+-------+-------+-------++-------
Melee: War axe           |    63 |    88 |   184 |   172 ||   507
       Tentacles         |    10 |    18 |    46 |    57 ||   131
       Constrict         |    19 |    19 |    43 |    41 ||   122
       Broad axe         |       |       |       |    13 ||    13
Invok: Stomp             |       |       |     5 |     2 ||     7
       Line Pass         |       |       |     1 |       ||     1
Evoke: Wand              |       |     2 |     2 |     5 ||     9
       Phial of floods   |       |       |       |     1 ||     1
       Box of beasts     |       |       |       |     1 ||     1
  Use: Scroll            |     1 |    11 |    10 |    12 ||    34
       Potion            |       |     2 |     4 |     3 ||     9
 Stab: Sleeping          |     5 |     5 |    24 |    15 ||    49
       Paralysed         |       |     6 |    12 |     7 ||    25
       Distracted        |       |       |     3 |       ||     3
  Eat: Chunk             |     1 |     6 |    10 |     6 ||    23
       Ration            |       |       |     2 |       ||     2
Armor: Skin              |     4 |     9 |    18 |    14 ||    45
Dodge: Dodged            |    27 |    35 |    52 |    91 ||   205
Block: Shield            |    29 |    45 |   124 |   116 ||   314
       Reflection        |       |       |     7 |     4 ||    11
